[Event "Late-Titled-Tuesday-Blitz-February-13-2024"]
[Site "Chess.com"]
[Date "2024.02.13"]
[Round "4"]
[White "LogoCzar"]
[Black "bazar-wokzal"]
[Result "0-1"]
[WhiteElo "2396"]
[BlackElo "2641"]
[TimeControl "180+1"]
[EndTime "14:36:42 PST"]
[Termination "bazar-wokzal won by resignation"]

1. e4 c5 2. Nf3 d6 3. d4 cxd4 4.
Nxd4 Nf6 5. Nc3 e5 6. Bb5+ Nbd7 7. Nf5 a6 8. Bc4 Nb6 9. Bb3 Nxe4 10. Nxg7+ Bxg7 11. Nxe4 d5 12. Ng5 Bf5 13. Be3 O-O 14. Qf3 Bg6 15. h4 e4 16. Qg3 Bxb2 17. Rb1 Bc3+ 18. Ke2 d4 19. h5 dxe3 20. hxg6 Qd2+ 21. Kf1 e2+ 22. Kg1 hxg6 23. Nxf7 Kg7 24. Ng5 Rae8 25. Rh7+ Kf6 26. Qh4 e1=Q+ 27. Rxe1 Qxe1+ 28. Kh2 Be5+ 29. g3 Qxf2+ 30. Kh3 Qf5+ 31. Kg2 Qxg5 32. Qxg5+ Kxg5 0-1

[Event "Late-Titled-Tuesday-Blitz-February-13-2024"]
[Site "Chess.com"]
[Date "2024.02.13"]
[Round "4"]
[White "ACollins05"]
[Black "AungTZ"]
[Result "1-0"]
[WhiteElo "2449"]
[BlackElo "2042"]
[TimeControl "180+1"]
[EndTime "14:36:44 PST"]
[Termination "ACollins05 won by resignation"]

1. d4 Nf6 2. c4 e6 3. Nf3 Bb4+ 4. Nbd2 c5 5. a3 Bxd2+ 6. Qxd2 cxd4 7. Qxd4 a6 8. g3 Nc6 9. Qh4 b5 10. cxb5 axb5 11. Bg2 Bb7 12. O-O b4 13. Bg5 O-O 14.
axb4 Rxa1 15. Rxa1 h6 16. Bxf6 Qxf6 17. Qxf6 gxf6 18.
b5 Nb4 19. Ra7 Rb8 20. Nd4 Bxg2 21. Kxg2 d6 22. Kf3 f5 23. Rd7 d5 24. Kf4 Kg7 25.
Nxe6+ Kf6 26. Nd4 Rb6 27. Rc7 1-0

[Event "Late-Titled-Tuesday-Blitz-February-13-2024"]
[Site "Chess.com"]
[Date "2024.02.13"]
[Round "4"]
[White "aqibjbutt"]
[Black "pirulillo"]
[Result "1-0"]
[WhiteElo "2073"]
[BlackElo "2272"]
[TimeControl "180+1"]
[EndTime "14:36:48 PST"]
[Termination "aqibjbutt won by resignation"]

1. d4 Nf6 2. c4 g6 3. Nc3 Bg7 4. g3 O-O 5. Bg2 d6 6. Nf3 Bf5 7. O-O Ne4 8. Nxe4 Bxe4 9. b3 c5 10. Bb2 Nc6 11. e3 Qb6 12. dxc5 dxc5 13. Bxg7 Kxg7 14. Qc1 Rad8 15. Qc3+ f6 16. Ng5 Bxg2 17. Ne6+ Kh8 18. Kxg2 Ne5 19. Nxd8 Rxd8 20. Rfd1 Qc6+ 21. Kg1 Rxd1+ 22. Rxd1 Qf3 23. Qd2 Qg4 24. Qd5 Kg7 25. Kg2 e6 26. h3 exd5 27. hxg4 dxc4 28. bxc4 Nxc4 29. Rd7+ Kh6 30. Rxb7 1-0

[Event "Late-Titled-Tuesday-Blitz-February-13-2024"]
[Site "Chess.com"]
[Date "2024.02.13"]
[Round "4"]
[White "Alex_Sahakyan2006"]
[Black "ozates"]
[Result "1-0"]
[WhiteElo "2867"]
[BlackElo "2581"]
[TimeControl "180+1"]
[EndTime "14:36:49 PST"]
[Termination "Alex_Sahakyan2006 won by resignation"]

1. d4 Nf6 2. c4 e6 3. Nf3 d5 4. Nc3 c5 5. cxd5 Nxd5 6. e4 Nxc3 7. bxc3 cxd4 8. cxd4 Bb4+ 9. Bd2 Bxd2+ 10. Qxd2 O-O 11. Bc4 Nd7 12. O-O b6 13. Rfe1 Bb7 14. Bb3 Rc8 15. Rad1 Qc7 16. d5 exd5 17. exd5 Nc5 18. d6 Qc6 19.
Re7 Rcd8 20. Bxf7+ Kh8 21. Qd4 Rxf7 22. Rxf7 Ne6 23.
Qe5 Qc2 24. Re1 Bxf3 25. Qxe6 Bc6 26. d7 Qa4 27. Qe8+ Rxe8 1-0

[Event "Late-Titled-Tuesday-Blitz-February-13-2024"]
[Site "Chess.com"]
[Date "2024.02.13"]
[Round "4"]
[White "AlexPapasimakopoulos"]
[Black "Shankland"]
[Result "1-0"]
[WhiteElo "2783"]
[BlackElo "2941"]
[TimeControl "180+1"]
[EndTime "14:36:53 PST"]
[Termination "AlexPapasimakopoulos won by resignation"]

1. d4 Nf6 2. c4 e6 3. Nc3 d5 4.
cxd5 Nxd5 5. e4 Nxc3 6. bxc3 c5 7. Rb1 Be7 8. Nf3 O-O 9. Bc4 a6 10. a4 Qc7 11. d5 exd5 12. Bxd5 Nd7 13. O-O Nf6 14.
c4 Nxd5 15. cxd5 Bg4 16. h3 Bh5 17. Qb3 Rab8 18. Qb6 Qxb6 19. Rxb6 Bd8 20. Rd6 b5 21. Rxa6 b4 22. Rc6 Bf6 23. e5 Bxf3 24. exf6 Bxd5 25. Rxc5 Be4 26. fxg7 Rfd8 27. Re1 Bg6 28. Bb2 Rd2 29. Bf6 Rc2 30. Rb5 Rcc8 31. Rxb8 Rxb8 32. a5 b3 33. a6 b2 34. Bxb2 Rxb2 35. a7 1-0

[Event "Late-Titled-Tuesday-Blitz-February-13-2024"]
[Site "Chess.com"]
[Date "2024.02.13"]
[Round "4"]
[White "DmitryMaximov"]
[Black "xakevicius91"]
[Result "1-0"]
[WhiteElo "2739"]
[BlackElo "2538"]
[TimeControl "180+1"]
[EndTime "14:36:55 PST"]
[Termination "DmitryMaximov won on time"]

1. e4 c5 2. Nf3 e6 3. c3 Nf6 4. Bd3 d5 5. e5 Nfd7 6. Bc2 c4 7. d4 cxd3 8. Bxd3 Nc6 9. Bf4 Be7 10. h4 h6 11. Nbd2 Qc7 12. Qe2 b6 13. b4 a5 14. b5 Ncb8 15. c4 Bb7 16. O-O Nc5 17. Bc2 Nbd7 18. Rac1 Rd8 19. Rfe1 Qb8 20. Bb1 Qa8 21.
h5 dxc4 22. Rxc4 Bd5 23. Rd4 Nb8 24. Qe3 Nbd7 25. Bg3 Kf8 26. Rg4 a4 27. Bh4 Bxh4 28. Nxh4 Ke7 29. Rxg7 Rdg8 30. Ng6+ Ke8 31. Qxh6 fxg6 32.
Qxg6+ Kd8 33. Rxg8+ Rxg8 34. Qxg8+ Ke7 35. Qg5+ 1-0

[Event "Late-Titled-Tuesday-Blitz-February-13-2024"]
[Site "Chess.com"]
[Date "2024.02.13"]
[Round "4"]
[White "Sokoloco"]
[Black "Antipov_Mikhail_Al"]
[Result "0-1"]
[WhiteElo "2803"]
[BlackElo "2971"]
[TimeControl "180+1"]
[EndTime "14:36:58 PST"]
[Termination "Antipov_Mikhail_Al won by resignation"]

1. b3 d5 2. e3 Bf5 3. Nf3 h6 4. d4 e6 5. Bd3 c6 6. O-O Nf6 7. c4 Bb4 8. Qc2 Bxd3 9. Qxd3 Nbd7 10. Nbd2 O-O 11. Bb2 Qe7 12. e4 dxe4 13. Nxe4 Rad8 14. a3 Ba5 15. Rad1 Rfe8 16. Qe2 Nxe4 17. Qxe4 Nf6 18.
Qe2 a6 19. Ne5 Nd7 20. Nf3 Qd6 21. h3 Qf4 22. Bc1 Qf5 23. Bb2 Nf8 24. Ne5 Ng6 25. Nxg6 Qxg6 26. Rd3 Bc7 27. Re1 Rd7 28. d5 cxd5 29.
cxd5 Red8 30. d6 Bxd6 31. Red1 Bh2+ 32. Kxh2 Rxd3 33. Rc1 Rd2 34. Qe5 Rxf2 0-1

[Event "Late-Titled-Tuesday-Blitz-February-13-2024"]
[Site "Chess.com"]
[Date "2024.02.13"]
[Round "4"]
[White "DonkyDonkyDonkey"]
[Black "HaryKane"]
[Result "1-0"]
[WhiteElo "2956"]
[BlackElo "2597"]
[TimeControl "180+1"]
[EndTime "14:36:58 PST"]
[Termination "DonkyDonkyDonkey won by resignation"]

1. e4 e6 2. d4 d5 3. e5 c5 4. c3 Nc6 5. Nf3 Qb6 6. Bd3 cxd4 7.
cxd4 Bd7 8. O-O Nxd4 9. Nbd2 Nxf3+ 10. Qxf3 Bb5 11. Nb3 Bxd3 12. Qxd3 Ne7 13. Be3 Qd8 14. Nc5 Qc7 15. Rac1 Nc6 16. Qb5 a6 17. Qa4 Rc8 18.
Rc2 d4 19. Nxa6 bxa6 20. Rfc1 Qd7 21. Rxc6 Rxc6 22. Rxc6 Be7 23. Bxd4 O-O 24. Rc4 Qd5 25. Qxa6 f6 26. h3 fxe5 27. Be3 Qd1+ 28. Kh2 Bd6 29. Re4 Qd5 30. Qc4 Qxc4 31. Rxc4 e4+ 32. g3 Rb8 33. b3 Ra8 34. a4 Rb8 35. Rxe4 Rxb3 36. Rxe6 Bf8 37. a5 Ra3 38. a6 Kf7 39. Rc6 Ra2 40. a7 1-0

[Event "Late-Titled-Tuesday-Blitz-February-13-2024"]
[Site "Chess.com"]
[Date "2024.02.13"]
[Round "4"]
[White "Road2GM3000"]
[Black "MikeSailer"]
[Result "1-0"]
[WhiteElo "2471"]
[BlackElo "2199"]
[TimeControl "180+1"]
[EndTime "14:37:01 PST"]
[Termination "Road2GM3000 won by checkmate"]

1. d4 d5 2. c4 Bf5 3. Nc3 e6 4.
cxd5 exd5 5. Qb3 Nc6 6. Qxb7 Nb4 7. e4 Nc2+ 8. Kd1 Nxa1 9. exf5 Bd6 10. Bb5+ Kf8 11.
Nxd5 Rb8 12. Qc6 Ne7 13. Nxe7 Qxe7 14. Nf3 h6 15. Re1 Qd8 16. f6 gxf6 17. Nh4 Bb4 18. Re4 Kg7 19. Nf5+ Kh7 20. Rh4 Bf8 21. Bxh6 Bxh6 22.
Nxh6 Kg6 23. Bd3+ Kg7 24. Nf5+ Kg8 25. Rg4+ Kf8 26. Qc5+ Ke8 27. Ng7+ Kd7 28. Bf5# 1-0

[Event "Late-Titled-Tuesday-Blitz-February-13-2024"]
[Site "Chess.com"]
[Date "2024.02.13"]
[Round "4"]
[White "noblerone"]
[Black "gxbg2000"]
[Result "1-0"]
[WhiteElo "2455"]
[BlackElo "2058"]
[TimeControl "180+1"]
[EndTime "14:37:01 PST"]
[Termination "noblerone won by checkmate"]

1. d4 d5 2. Nf3 e6 3. c3 Be7 4. Bf4 Nf6 5. e3 O-O 6. Bd3 Nbd7 7. Nbd2 Re8 8. h3 Nf8 9. Ne5 Ng6 10. Nxg6 hxg6 11. h4 Nh5 12. Bh2 f5 13. Nf3 Bd6 14. Be5 Bxe5 15. Nxe5 Qf6 16. g3 c5 17. Qe2 c4 18. Bc2 b5 19. a3 a5 20. Rg1 Qd8 21. Nxg6 Nf6 22. Ne5 Nd7 23. Nxd7 Bxd7 24. Qf3 Rf8 25.
Qf4 Qf6 26. Kd2 Rab8 27. f3 Kf7 28. Raf1 Ke7 29. Qc7 a4 30. Qc5+ Kf7 31. g4 Rfc8 32. Qd6 Qe7 33. Qxe7+ Kxe7 34. gxf5 Rg8 35. fxe6 Bxe6 36.
Rg5 Rbf8 37. f4 Rf6 38. Rfg1 Kf8 39. h5 Rh6 40. Bg6 Ke7 41. Re5 Kf6 42. Rgg5 Rd8 43. Ke1 Rd6 44. Kf2 Rh8 45. Kg3 b4 46. cxb4 Rc8 47. Bf5 Bf7 48. Bxc8 c3 49. bxc3 Rc6 50. Rgf5# 1-0

[Event "Late-Titled-Tuesday-Blitz-February-13-2024"]
[Site "Chess.com"]
[Date "2024.02.13"]
[Round "4"]
[White "Savagelittlemole"]
[Black "MoreChessJulia"]
[Result "1-0"]
[WhiteElo "2461"]
[BlackElo "2102"]
[TimeControl "180+1"]
[EndTime "14:37:03 PST"]
[Termination "Savagelittlemole won by resignation"]

1. e4 c5 2. Bc4 d6 3. c3 a6 4. d4 cxd4 5. cxd4 Nf6 6. Nc3 e6 7. Nf3 b5 8. Bd3 Bb7 9. O-O b4 10. e5 dxe5 11. dxe5 bxc3 12. exf6 Qxf6 13. bxc3 Bxf3 14.
Qxf3 Qxf3 15. gxf3 Nd7 16. Be4 Rc8 17. Bb7 Rxc3 18.
Bxa6 Be7 19. Bb5 Rc7 20. Rd1 Rb7 21. a4 Bc5 22. Bb2 Ke7 23. Rac1 Bd6 24. Rc2 Nf6 25.
Rcd2 Nd5 26. Bc6 Ra7 27. Bxd5 exd5 28. Rxd5 Rd8 29. Ba3 Rad7 30. Rxd6 Rxd6 31. Kg2 Ke6 32. Rxd6+ Rxd6 33. Bxd6 Kxd6 34. Kg3 Kc6 35. Kg4 Kb6 36. f4 Ka5 37. f5 f6 38. h4 Kxa4 39. h5 Kb4 40. h6 gxh6 41. Kh5 Kc4 42. Kxh6 Kd5 43. Kxh7 Ke4 44. Kg6 Ke5 45. f3 1-0

[Event "Late-Titled-Tuesday-Blitz-February-13-2024"]
[Site "Chess.com"]
[Date "2024.02.13"]
[Round "4"]
[White "giovannibrandao7"]
[Black "abeljusto"]
[Result "0-1"]
[WhiteElo "2242"]
[BlackElo "2101"]
[TimeControl "180+1"]
[EndTime "14:37:10 PST"]
[Termination "abeljusto won on time"]

1. e4 c5 2. Nf3 Nc6 3. d4 cxd4 4.
Nxd4 Nf6 5. Nc3 d6 6. Be2 e5 7. Nb3 Be7 8. O-O O-O 9. Be3 a5 10. Bb5 Na7 11. a4 Be6 12. Nd5 Nxb5 13. Nxe7+ Qxe7 14. axb5 Bxb3 15. cxb3 Nxe4 16. Re1 Nc5 17. Bxc5 dxc5 18. Qd5 Rfe8 19. g3 Rad8 20. Qc4 b6 21. Qe4 Rd4 22. Qc6 Rd6 23. Qe4 f6 24. Rad1 Qd7 25.
Rxd6 Qxd6 26. Kg2 Rd8 27. Qf5 Qd7 28. Qf3 Qd5 29. Qxd5+ Rxd5 30. Re2 Kf7 31. Kf1 Ke6 32. Ke1 Rd3 0-1

[Event "Late-Titled-Tuesday-Blitz-February-13-2024"]
[Site "Chess.com"]
[Date "2024.02.13"]
[Round "4"]
[White "elchacal664"]
[Black "Zavgorodniy_Sergiy"]
[Result "0-1"]
[WhiteElo "2407"]
[BlackElo "2652"]
[TimeControl "180+1"]
[EndTime "14:37:11 PST"]
[Termination "Zavgorodniy_Sergiy won by checkmate"]

1. e4 c6 2. d4 d5 3. f3 dxe4 4.
fxe4 e5 5. Nf3 Bg4 6. dxe5 Qxd1+ 7. Kxd1 Nd7 8. h3 Bxf3+ 9. gxf3 Nxe5 10. Ke2 Bc5 11.
Bg2 O-O-O 12. f4 Ng6 13. h4 h5 14. Nc3 Nf6 15. e5 Ng4 16. Bh3 Kc7 17. Bxg4 hxg4 18.
h5 g3 19. Be3 g2 20. Rhg1 Bxe3 21. Kxe3 Nh4 22. Ne4 Rxh5 23. Nd6 f6 24. Nc4 g5 25. exf6 gxf4+ 26. Kxf4 Rd4+ 27. Kg3 Rxc4 28. f7 Rg5+ 29. Kh3 Ng6 30. Rxg2 Rh4# 0-1

[Event "Late-Titled-Tuesday-Blitz-February-13-2024"]
[Site "Chess.com"]
[Date "2024.02.13"]
[Round "4"]
[White "Romadk"]
[Black "jcmesafischer"]
[Result "0-1"]
[WhiteElo "2515"]
[BlackElo "2365"]
[TimeControl "180+1"]
[EndTime "14:37:12 PST"]
[Termination "jcmesafischer won by checkmate"]

1. d4 Nf6 2. c4 e6 3. g3 d5 4.
Nf3 Be7 5. Bg2 O-O 6. Nc3 dxc4 7. Ne5 Nc6 8. Bxc6 bxc6 9. Nxc6 Qd6 10. Nxe7+ Qxe7 11.
Qa4 Rb8 12. Qxc4 Rb4 13. Qd3 Rd8 14. O-O Rdxd4 15. Qc2 Nd5 16. Rd1 Bb7 17. Rxd4 Rxd4 18. Nb5 Qb4 19. Nc3 Nxc3 20. bxc3 Qxc3 21. Be3 Qxa1+ 22.
Bc1 Qc3 23. Qxc3 Rd1+ 24. Qe1 Rxe1# 0-1

[Event "Late-Titled-Tuesday-Blitz-February-13-2024"]
[Site "Chess.com"]
[Date "2024.02.13"]
[Round "4"]
[White "Fjal"]
[Black "martinmena"]
[Result "0-1"]
[WhiteElo "2283"]
[BlackElo "2147"]
[TimeControl "180+1"]
[EndTime "14:37:13 PST"]
[Termination "martinmena won by resignation"]

1. Nf3 d5 2. g3 Nf6 3. Bg2 Bg4 4. O-O e6 5. h3 Bxf3 6. Bxf3 Be7 7. c4 O-O 8. d3 c5 9. Qb3 Qb6 10. cxd5 Qxb3 11.
axb3 Nxd5 12. Nc3 Rd8 13. Ra4 Nc6 14. Bd2 Nd4 15. Kg2 Nxf3 16. Kxf3 Nb4 17. Ne4 Nc6 18. Rc1 Nd4+ 19. Ke3 Nxb3 20. Rc3 Nxd2 21. Kxd2 b6 22. b4 cxb4 23. Rc7 Kf8 24. Raxa7 Rxa7 25. Rxa7 f5 26. Rxe7 Kxe7 27. Ng5 h6 28. Nf3 Rc8 29. Nd4 b5 30. Nxb5 b3 31. Na3 b2 32. f4 Rc1 0-1

[Event "Late-Titled-Tuesday-Blitz-February-13-2024"]
[Site "Chess.com"]
[Date "2024.02.13"]
[Round "4"]
[White "boguszp"]
[Black "Ready4abattle"]
[Result "1/2-1/2"]
[WhiteElo "2014"]
[BlackElo "2237"]
[TimeControl "180+1"]
[EndTime "14:37:13 PST"]
[Termination "Game drawn by repetition"]

1. d4 Nf6 2. Bf4 g6 3. Nc3 Nh5 4. Bg5 h6 5. Bd2 d6 6. e4 c5 7.
d5 Bg7 8. Be2 Nf6 9. Nf3 a6 10. a4 Nbd7 11. Bf4 Ng4 12. O-O Nge5 13. Qd2 Nxf3+ 14. Bxf3 g5 15. Be3 Ne5 16. Be2 Ng4 17. Bxg4 Bxg4 18. f3 Bd7 19. f4 gxf4 20. Bxf4 b5 21.
axb5 axb5 22. Be3 b4 23. Rxa8 Qxa8 24. Nd1 Bb5 25. Rf3 h5 26. Qf2 Bf6 27. Rxf6 exf6 28.
Qxf6 Rg8 29. Qxd6 Qd8 30. Qxc5 Be2 31. Qc6+ Qd7 32. Qa8+ Qd8 33. Qc6+ Qd7 34. Qa8+ Qd8 35. Qc6+ 1/2-1/2

[Event "Late-Titled-Tuesday-Blitz-February-13-2024"]
[Site "Chess.com"]
[Date "2024.02.13"]
[Round "4"]
[White "ArtemDyachuk"]
[Black "CFalcons8"]
[Result "1-0"]
[WhiteElo "2619"]
[BlackElo "2425"]
[TimeControl "180+1"]
[EndTime "14:37:16 PST"]
[Termination "ArtemDyachuk won by resignation"]

1. c4 e6 2. Nf3 d5 3. g3 Nf6 4.
Bg2 c6 5. O-O Be7 6. d4 O-O 7.
b3 b6 8. Bb2 Bb7 9. Qc2 a5 10.
Nbd2 Na6 11. e4 dxe4 12. Nxe4 Nb4 13. Qb1 c5 14. Nxf6+ Bxf6 15. dxc5 bxc5 16. Ng5 Bxg5 17. Bxb7 Rb8 18. Bf3 Bf6 19. a3 Bxb2 20. Qxb2 Nd3 21. Qc3 Qd4 22. Qxd4 cxd4 23. Rfb1 Ne5 24. Bd1 Rfc8 25.
Kf1 a4 26. bxa4 Nxc4 27. Rb4 e5 28. Bg4 Rxb4 29. axb4 Rb8 30. a5 Rxb4 31. a6 Rb8 32. a7 Ra8 33. Bd7 Nb6 34. Bc6 Rc8 35. Ra6 Na8 36. Bxa8 Rxa8 37. Rb6 1-0

[Event "Late-Titled-Tuesday-Blitz-February-13-2024"]
[Site "Chess.com"]
[Date "2024.02.13"]
[Round "4"]
[White "MikaelyanArman"]
[Black "colegiodemadrid"]
[Result "1-0"]
[WhiteElo "2822"]
[BlackElo "2565"]
[TimeControl "180+1"]
[EndTime "14:37:17 PST"]
[Termination "MikaelyanArman won by resignation"]

1. e4 c6 2. Nf3 d5 3. d3 e6 4. Nbd2 Nd7 5. g3 Ngf6 6. Bg2 a5 7. O-O a4 8. Re1 a3 9. b3 Bb4 10. c4 dxe4 11. dxe4 Nc5 12. e5 Ng4 13. Bf1 h5 14. h3 Nh6 15. Qc2 Nf5 16. h4 Qb6 17. Kg2 Bd7 18. Rd1 O-O-O 19. Ne4 Nxe4 20. Qxe4 c5 21. Be3 Bc6 22. Qf4 Bc3 23. Rab1 f6 24. exf6 gxf6 25. Bd3 Nxe3+ 26. Qxe3 Rhe8 27. Be4 f5 28. Bxc6 Qxc6 29. Qxc3 Qe4 30. Rxd8+ Rxd8 31. Re1 Qg4 32.
Qe3 Rd6 33. Qxc5+ Kd7 34. Ne5+ 1-0

[Event "Late-Titled-Tuesday-Blitz-February-13-2024"]
[Site "Chess.com"]
[Date "2024.02.13"]
[Round "4"]
[White "zverr1"]
[Black "rudolfjun2005"]
[Result "1-0"]
[WhiteElo "2558"]
[BlackElo "2378"]
[TimeControl "180+1"]
[EndTime "14:37:19 PST"]
[Termination "zverr1 won by resignation"]

1. e4 c5 2. Nf3 Nc6 3. d4 cxd4 4. Nxd4 Nf6 5. Nc3 e5 6. Ndb5 d6 7. Be3 a6 8. Na3 b5 9. Nd5 Rb8 10. Nxf6+ gxf6 11. Nb1 Bg7 12. Nc3 Be6 13. Bd3 O-O 14. Nd5 Ne7 15. Nxe7+ Qxe7 16. Qh5 Kh8 17. O-O Bc4 18.
Rad1 Rg8 19. b3 Be6 20. f4 exf4 21. Rxf4 Bf8 22. Rh4 Rg7 23. Bh6 Rg5 24. Bxg5 1-0

[Event "Late-Titled-Tuesday-Blitz-February-13-2024"]
[Site "Chess.com"]
[Date "2024.02.13"]
[Round "4"]
[White "ChEsper99"]
[Black "koncheto"]
[Result "0-1"]
[WhiteElo "2202"]
[BlackElo "2483"]
[TimeControl "180+1"]
[EndTime "14:37:19 PST"]
[Termination "koncheto won by resignation"]

1. d4 Nf6 2. Bf4 e6 3. Nf3 c5 4. c3 d5 5. e3 Bd6 6. Bg3 Qc7 7. dxc5 Qxc5 8. Nbd2 O-O 9. Bd3 Nbd7 10. O-O Bxg3 11. hxg3 b6 12. e4 dxe4 13. Nxe4 Qe7 14. Qe2 Bb7 15. Rfd1 Rfd8 16. Bc2 Nc5 17. Nfg5 h6 18. Nxf6+ Qxf6 19. Ne4 Qe5 20. f4 Qc7 21. Nxc5 Qxc5+ 22. Qf2 Qh5 23. f5 exf5 24. Qxf5 Qxf5 25. Bxf5 Re8 26. Re1 Bd5 27. Rad1 Bxa2 28. Rxe8+ Rxe8 29. Ra1 Be6 30. Bxe6 Rxe6 31. Rxa7 Re2 32. Rc7 Rxb2 33. Kh2 h5 34. Kh3 g6 35. Rc4 Kg7 36. Rc6 Rb1 37.
Kh2 Rb5 38. Rc4 Rc5 39. Rb4 b5 40. Rb3 Kf6 41. Kh3 Ke5 42. Kh4 Kd5 43. Kg5 Kc4+ 0-1

[Event "Late-Titled-Tuesday-Blitz-February-13-2024"]
[Site "Chess.com"]
[Date "2024.02.13"]
[Round "4"]
[White "ajeale2"]
[Black "Doublekk14"]
[Result "1-0"]
[WhiteElo "2517"]
[BlackElo "2328"]
[TimeControl "180+1"]
[EndTime "14:37:20 PST"]
[Termination "ajeale2 won on time"]

1. c4 c5 2. Nf3 Nf6 3. g3 e6 4.
Bg2 d5 5. O-O Nc6 6. d3 Be7 7. Nc3 O-O 8. Bf4 Nh5 9. cxd5 Nxf4 10. gxf4 exd5 11. Rc1 Be6 12. Qd2 h6 13. Na4 b6 14. d4 c4 15. b3 b5 16. Nc5 Bxc5 17.
dxc5 Qe7 18. f5 Bxf5 19. Qxd5 Be4 20. Qd6 Qxd6 21. cxd6 cxb3 22. axb3 Rad8 23. Rfd1 f5 24. Nh4 Bxg2 25. Kxg2 Ne5 26. Rc5 Nd7 27. Rxb5 g6 28. Nxg6 Rf6 29. Ne7+ Kf7 30. Rxf5 Rxf5 31. Nxf5 Ke6 32.
Nxh6 1-0

[Event "Late-Titled-Tuesday-Blitz-February-13-2024"]
[Site "Chess.com"]
[Date "2024.02.13"]
[Round "4"]
[White "Qingdom"]
[Black "szachmistrz2500"]
[Result "0-1"]
[WhiteElo "2182"]
[BlackElo "2466"]
[TimeControl "180+1"]
[EndTime "14:37:26 PST"]
[Termination "szachmistrz2500 won by resignation"]

1. d4 c5 2. d5 e5 3. e4 d6 4. Bb5+ Nd7 5. c4 a6 6. Bxd7+ Bxd7 7. Nc3 b5 8. b3 g6 9. Be3 Bh6 10. Qd2 Bxe3 11. Qxe3 Kf8 12. Nge2 Kg7 13. f3 h5 14. a4 bxc4 15. bxc4 Rb8 16. O-O Rb4 17. Qd3 Nf6 18. Rfb1 Qa5 19. Rxb4 cxb4 20. Nd1 Rc8 21. Nb2 Qc5+ 22. Kf1 a5 23. Nc1 Qb6 24. Nb3 Be8 25. Rc1 Nd7 26. Qe2 Rc7 27. Qf2 Qa6 28. Kg1 Nc5 29. Nxc5 Rxc5 30. Qc2 Bd7 31. Qb3 Rc7 32. Nd3 Qa7+ 33. Kf1 Qe3 34. Qd1 Bxa4 35. Qxa4 Qxd3+ 36. Ke1 Qe3+ 37. Kd1 Qg1+ 38. Kd2 Qxg2+ 39. Ke1 Qh1+ 40.
Kd2 Qxh2+ 41. Ke1 Qg1+ 42. Kd2 Qf2+ 43. Kd1 Qxf3+ 44. Kd2 Qf2+ 45. Kd1 Qd4+ 46. Ke1 Qxe4+ 47. Kd2 Qf4+ 48. Kd1 Rxc4 49. Rxc4 Qxc4 50. Qxa5 Qd3+ 51.
Ke1 b3 0-1

[Event "Late-Titled-Tuesday-Blitz-February-13-2024"]
[Site "Chess.com"]
[Date "2024.02.13"]
[Round "4"]
[White "Sl4werThanYou"]
[Black "klimkoj"]
[Result "1-0"]
[WhiteElo "2667"]
[BlackElo "2911"]
[TimeControl "180+1"]
[EndTime "14:37:27 PST"]
[Termination "Sl4werThanYou won by resignation"]

1. e4 c6 2. d4 d5 3. e5 Bf5 4. h4 h5 5. Bg5 Qb6 6. Bd3 Bxd3 7.
Qxd3 Qxb2 8. Ne2 e6 9. O-O Na6 10. c3 Qb5 11. Qf3 Ne7 12. Nd2 Qa5 13. a4 Nf5 14. Nf4 Be7 15. Nxh5 Bxg5 16. hxg5 Ke7 17. g4 Nh4 18. Qg3 Nf5 19. Qf3 Nh4 20. Qg3 Ng6 21. f4 Nf8 22. Nxg7 Nd7 23. f5 Rag8 24. g6 fxg6 25. f6+ Kf7 26. Nf3 Rxg7 27. Ng5+ Kg8 28. fxg7 Kxg7 29. Nxe6+ Kg8 30. Qf3 Rh7 31. Qf8+ 1-0

[Event "Late-Titled-Tuesday-Blitz-February-13-2024"]
[Site "Chess.com"]
[Date "2024.02.13"]
[Round "4"]
[White "katharinareinecke"]
[Black "Heinza9"]
[Result "0-1"]
[WhiteElo "1960"]
[BlackElo "2282"]
[TimeControl "180+1"]
[EndTime "14:37:32 PST"]
[Termination "Heinza9 won by checkmate"]

1. e4 e5 2. Nc3 Nf6 3. f4 d5 4. fxe5 Nxe4 5. Qf3 Nc6 6. Bb5 Nxc3 7. dxc3 Be7 8. Qg3 g6 9. Nf3 a6 10. Bxc6+ bxc6 11. O-O Qd7 12. Bh6 Qg4 13. Qf2 Qh5 14. Qd2 Bc5+ 15.
Kh1 Bg4 16. Nd4 Bxd4 17. cxd4 Bf5 18. Bg7 Rg8 19. Bf6 Be4 20. Qa5 Kd7 21. Qc5 Rae8 22.
c4 g5 23. b4 g4 24. b5 Re6 25. bxc6+ Rxc6 26. Qe7+ Kc8 27. Bh4 Rxc4 28. Rac1 g3 29. h3 Qe2 30. Rg1 Rxc1 31. Rxc1 Qxg2# 0-1

[Event "Late-Titled-Tuesday-Blitz-February-13-2024"]
[Site "Chess.com"]
[Date "2024.02.13"]
[Round "4"]
[White "GlavkonVVS"]
[Black "DeGrootteZ"]
[Result "0-1"]
[WhiteElo "2565"]
[BlackElo "2827"]
[TimeControl "180+1"]
[EndTime "14:37:33 PST"]
[Termination "DeGrootteZ won by resignation"]

1. c4 e6 2. Nf3 d5 3. d4 Nf6 4.
Nc3 a6 5. e3 dxc4 6. Bxc4 b5 7.
Be2 Bb7 8. O-O Nbd7 9. b3 c5 10. Bb2 Bd6 11. Rc1 O-O 12. dxc5 Nxc5 13. Nd4 b4 14. Na4 Nxa4 15. bxa4 Qb6 16. Bf3 Nd5 17. Nb3 a5 18. Bd4 Qa6 19. Nc5 Bxc5 20. Rxc5 Rfc8 21. Rxc8+ Rxc8 22. Qa1 Nc3 23. Bxb7 Qxb7 24. a3 Ne2+ 25. Kh1 Nxd4 26. exd4 b3 27. Qb1 b2 28. h3 g6 29. Rd1 Qb3 30. Re1 Qc3 31. d5 Qxe1+ 32.
Qxe1 Rc1 0-1

[Event "Late-Titled-Tuesday-Blitz-February-13-2024"]
[Site "Chess.com"]
[Date "2024.02.13"]
[Round "4"]
[White "amiqu"]
[Black "UK_23"]
[Result "1-0"]
[WhiteElo "2149"]
[BlackElo "2350"]
[TimeControl "180+1"]
[EndTime "14:37:35 PST"]
[Termination "amiqu won by resignation"]

1. d4 d5 2. Nf3 Nf6 3. Bf4 c5 4. e3 Nc6 5. Nbd2 cxd4 6. exd4 Bg4 7. c3 e6 8. Qb3 Qc8 9. h3 Bh5 10. Bd3 Be7 11. O-O O-O 12. Rae1 a6 13. a4 Bg6 14. Bxg6 hxg6 15. Ne5 Nxe5 16. Bxe5 Nd7 17. Nf3 Qc6 18. a5 Bd6 19. Re3 Bxe5 20. Nxe5 Nxe5 21. Rxe5 Rfb8 22.
Ra1 b6 23. axb6 Rxb6 24. Qa3 Qb7 25. Re2 Rb8 26. Ra2 g5 27. b4 Rc8 28. Re3 g6 29. Rg3 Qe7 30. Qb2 Rbc6 31. Qd2 Kg7 32.
Ra3 f6 33. Re3 Qd6 34. Qe2 Kf7 35. Ra5 Rxc3 36. Rxc3 Rxc3 37. g3 Rc6 38. b5 axb5 39. Qxb5 Rb6 40. Ra7+ Kf8 41. Ra8+ Kg7 42. Qe8 f5 43.
Qg8+ Kf6 44. Rf8+ 1-0

[Event "Late-Titled-Tuesday-Blitz-February-13-2024"]
[Site "Chess.com"]
[Date "2024.02.13"]
[Round "4"]
[White "ProfessorChess101"]
[Black "pooh2012"]
[Result "1-0"]
[WhiteElo "2789"]
[BlackElo "2560"]
[TimeControl "180+1"]
[EndTime "14:37:36 PST"]
[Termination "ProfessorChess101 won by resignation"]

1. d4 Nf6 2. c4 e6 3. Nc3 Bb4 4. e3 O-O 5. Nf3 c5 6. Bd2 cxd4 7. exd4 d5 8. c5 b6 9. a3 Bxc3 10. Bxc3 Ne4 11. Rc1 Ba6 12. Bxa6 Nxa6 13. b4 Nc7 14. O-O a5 15. Ne5 axb4 16. Bxb4 bxc5 17. dxc5 Na6 18. c6 Re8 19. Qf3 f6 20. Nd7 Nxb4 21. axb4 Nd2 22. Qe3 Nxf1 23. Kxf1 Qe7 24. b5 Ra3 25. Qc5 Kf7 26. b6 Rb3 27. b7 Qxc5 28.
Nxc5 Rb5 29. c7 1-0

[Event "Late-Titled-Tuesday-Blitz-February-13-2024"]
[Site "Chess.com"]
[Date "2024.02.13"]
[Round "4"]
[White "ValeriyGrinev"]
[Black "Defenstrator"]
[Result "0-1"]
[WhiteElo "2520"]
[BlackElo "2373"]
[TimeControl "180+1"]
[EndTime "14:37:36 PST"]
[Termination "Defenstrator won by resignation"]

1. e4 e6 2. d4 d5 3. e5 c5 4.
c3 Nc6 5. Nf3 Qb6 6. a4 Nh6 7.
Bb5 Bd7 8. Bxc6 bxc6 9. O-O cxd4 10. Nxd4 c5 11. Ne2 Nf5 12. Ng3 Nxg3 13. hxg3 Be7 14. Qg4 g5 15. Qh5 h6 16. Nd2 Rh7 17. Nf3 O-O-O 18. Nxg5 Rg7 19. Qxh6 Rdg8 20. Nf3 Bc6 21.
a5 Qb7 22. a6 Qa8 23. Bf4 d4 24.
cxd4 Bxf3 25. gxf3 Qxf3 26. Ra3 Qe4 27. f3 Qxd4+ 28.
Rf2 Rxg3+ 29. Bxg3 Rxg3+ 30. Kh1 Qd1+ 0-1